 Dungeon Crawl Stone Soup version 0.30.0-10-gfe55d96785 (webtiles) character file.

Game seed: 10077340368164584573

28 Byczy the Caller (level 3, -1/19 HPs)
             Began as a Deep Elf Summoner on May 15, 2023.
             Killed from afar by Sigmund (10 damage)
             ... with a magic dart
             ... on level 2 of the Dungeon.
             The game lasted 00:06:41 (1657 turns).

Byczy the Caller (Deep Elf Summoner)                Turns: 1657, Time: 00:06:42

Health: -1/19      AC:  3    Str:  5    XL:     3   Next: 0%
Magic:  6/10       EV: 12    Int: 21    God:
Gold:   28         SH:  0    Dex: 15    Spells: 2/9 levels left

rFire   . . .        f - +0 dagger
rCold   . . .        (no shield)
rNeg    . . .        a - +1 robe
rPois   .            (no helmet)
rElec   .            (no cloak)
rCorr   .            (no gloves)
SInv    .            (no boots)
Will    .....        (no amulet)
Stlth   ++           (no ring)
HPRegen 0.23/turn    (no ring)
MPRegen 0.12/turn

%: no passive effects
@: no status effects
A: no striking features
a: no special abilities


You were on level 2 of the Dungeon.
You visited 1 branch of the dungeon, and saw 2 of its levels.

You collected 28 gold pieces.

Inventory:

Hand Weapons
 f - a +0 dagger (weapon)
 i - a +0 club
Armour
 a - a +1 robe (worn)
Scrolls
 c - a scroll of fog
 e - 3 scrolls of identify
 g - a scroll of teleportation
Potions
 b - a potion of magic
 d - a potion of haste
 h - a potion of attraction {unknown}


   Skills:
 + Level 2.4 Dodging
 + Level 2.5 Stealth
 + Level 3.9 Spellcasting
 + Level 4.9 Summonings
 + Level 0.1 Ice Magic


You had 2 spell levels left.
You knew the following spells:

 Your Spells              Type           Power      Damage    Failure   Level
a - Summon Small Mammal   Summ           100%       N/A       1%          1
b - Call Imp              Summ           50%        N/A       2%          2
c - Freeze                Ice            16%        1d4       12%         1
d - Call Canine Familiar  Summ           25%        N/A       4%          3

Your spell library contained the following spells:

 Spells                   Type           Power      Damage    Failure   Level
 Summon Guardian Golem    Hex/Summ       14%        N/A       13%         3
 Frozen Ramparts          Ice            8%         1d2       34%         3
 Hailstorm                Conj/Ice       4%         3d4       34%         3
 Summon Lightning Spire   Summ/Air       14%        N/A       41%         4


Dungeon Overview and Level Annotations

Branches:
Dungeon (2/15)

Altars:

Annotations:
D:2 Sigmund


Message History

Confirm with . or Enter, or press ? or * to list all spells.
A tiny devil pulls itself out of the air.
Your hound bites Sigmund.
Your hound bites Sigmund but does no damage.
Sigmund mumbles some strange words.
Sigmund flickers and vanishes!
Deactivating autopickup; reactivate with Ctrl-A.
Your hound bites something.
Your hound completely misses something.
Something hits your hound!
Your hound barely misses something.
Your hound bites something.
Something hits your hound!
Your hound dies!
Your hound's corpse disappears in a puff of smoke!
Your magical contamination has completely faded away.
Your cerulean imp easily resists.
You open the door.
There is an open door here.
Okay, then.
There's a creature in the doorway!
A magic dart appears from out of thin air!
The magic dart hits your cerulean imp!
There is a stone staircase leading down here.
There is a strange disturbance nearby!
Your cerulean imp disappears in a puff of smoke!
You are confused.
You are too confused!
A puff of flame appears from out of thin air!
The puff of flame hits you!
Ouch! That really hurt!
Something barely misses you.
You bump into the rock wall.
Something barely misses you.
You feel less confused.
There is an open door here.
There is a strange disturbance nearby!
Sigmund appears from thin air!
Reactivating autopickup.
Sigmund gestures at you while chanting. The magic dart hits you!
Ouch! That really hurt!
You die...

########..<......# #.# #
#.######### #.# # #.# #.#
# ##'## #.# # ##.<.## #.#
# ##.....## ####.## #
##.......## ##.....#
####.........####......#
...'.>.......@..@......#
####.........####.........
# ##.......## ##.....#.# #
##.....## #.....#... #
##...## #.....# #.# ##+##
###.### ## .# ####### .#
@.....#


You could see Sigmund.

Vanquished Creatures
  A ball python (D:1)
  A giant cockroach (D:2)
  A bat (D:1)
  A rat (D:1)
4 creatures vanquished.

Vanquished Creatures (collateral kills)
  A worm (D:2)
  4 endoplasms (D:1)
  2 giant cockroaches
  A goblin (D:1)
  A hobgoblin (D:1)
  4 kobolds
  4 ball pythons
  2 bats (D:1)
  A rat (D:2)
20 creatures vanquished.

Grand Total: 24 creatures vanquished

Notes
Turn   | Place    | Note
-------+----------+-------------------------------------------
     0 | D:1      | Byczy the Deep Elf Summoner began the quest for the Orb.
     0 | D:1      | Reached XP level 1. HP: 10/10 MP: 6/6
   546 | D:1      | Reached XP level 2. HP: 15/15 MP: 5/8
   553 | D:1      | Learned a level 2 spell: Call Imp
   555 | D:1      | Learned a level 1 spell: Freeze
   913 | D:1      | Found a faded altar of an unknown god.
  1545 | D:2      | Reached XP level 3. HP: 19/19 MP: 5/10
  1549 | D:2      | Learned a level 3 spell: Call Canine Familiar
  1614 | D:2      | Noticed Sigmund
  1657 | D:2      | Killed from afar by Sigmund

Illustrated notes

Levels and vault maps discovered:
D:1:      zaba_arrival_water, layout_basic, serial_corexii_hall,
          chequers_hall_statues_y, chequers_hall_statues_wall_a,
          chequers_hall_statues_corner_a, nicolae_ecumenical_lake_church
D:2:      minmay_spotlight, layout_loops_corners, basic_altar, glass_columns_a,
          cheibrodos_gnoll_hut, uniq_sigmund, uniq_natasha

Action                     || total
---------------------------++-------
  Melee: Unarmed           ||    10
         Dagger            ||     3
   Cast: Summon Small Mamm ||    46
         Call Imp          ||     8
         Freeze            ||     5
         Call Canine Famil ||     2
    Use: Scroll            ||     4
 Armour: Robe              ||    11
  Dodge: Dodged            ||    49
